 Dungeon Crawl Stone Soup version 0.21.1-1-g345015fe64 (webtiles) character file.

105 Gargoyl the Skirmisher (level 4, 0/61 HPs)
             Began as a Centaur Abyssal Knight on Feb 22, 2018.
             Was a Follower of Lugonu.
             Killed by divine providence
             ... invoked by a smoke demon
              (11 damage)
             ... on level 4 of the Abyss.
             The game lasted 00:01:08 (121 turns).

Gargoyl the Skirmisher (Centaur Abyssal Knight)      Turns: 121, Time: 00:01:08

Health: 0/61       AC: 22    Str: 14    XL:     4   Next: 54%
Magic:  5/5        EV:  1    Int: 11    God:    Lugonu [*.....]
Gold:   40         SH:  0    Dex: 10    Spells: 3/3 levels left

rFire    . . .     SeeInvis .   a - +1 hand axe
rCold    . . .     Gourm    .   (no shield)
rNeg     + + +     Faith    .   (armour currently unavailable)
rPois    +         Spirit   .   (helmet currently unavailable)
rElec    .         Reflect  .   (cloak currently unavailable)
rCorr    .         Harm     .   (gloves currently unavailable)
MR       .....     NoTele   +   (no barding)
Stlth    +.........             (no amulet)
HPRegen  0.20/turn              (no ring)
MPRegen  0.09/turn              (no ring)

@: tree-form, hasted, very quick
A: large
a: Depart the Abyss, Renounce Religion


You were on level 4 of the Abyss.
You worshipped Lugonu.
Lugonu was aware of your devotion.
You were not hungry.
You were a tree.
You visited 0 branches of the dungeon, and saw 0 of its levels.
You visited the Abyss 1 time.

You collected 40 gold pieces.

Inventory:

Hand Weapons
 a - a +1 hand axe (weapon)
Armour
 b - a +0 leather armour (melded)
Wands
 e - a wand of iceblast (1)
Scrolls
 g - a scroll of immolation
Miscellaneous
 d - a lightning rod (3/4)
Comestibles
 c - a ration


   Skills:
 + Level 4.4 Fighting
 + Level 2.2 Axes
 + Level 1.8 Armour
 + Level 0.7 Dodging
 + Level 2.5 Invocations
 + Level 0.5 Evocations


You had 3 spell levels left.
You didn't know any spells.

Dungeon Overview and Level Annotations

Branches:
Dungeon (0/15)

Altars:


Innate Abilities, Weirdness & Mutations

((You have hooves in place of feet.))
((Armour fits poorly on your strangely shaped body.))
((You cover ground very quickly.))
((You have extremely tough skin. (AC +3)))


Message History

You feel agile.
You have reached level 4!
You feel agile.
The thunderbolt hits the apocalypse crab.
The apocalypse crab is moderately wounded.
The substance of the Abyss twists violently, and a gateway leading out appears!
You are engulfed in seething chaos.
You feel yourself speed up.
The apocalypse crab breathes chaos at you.
Helpless, you fail to dodge the blast of chaos.
* * * LOW HITPOINT WARNING * * *
A raiju comes into view.
Aiming: Iceblast
Press: ? - help, Shift-Dir - straight line, f - smoke demon
Aim: a smoke demon The mass of ice explodes!
The iceblast engulfs the smoke demon.
The smoke demon is moderately wounded.
You feel yourself growing ill in the presence of the ancient zyme.
The smoke demon gestures at you. Something smites you!
You die...

..... h....#
#....###x....#.#
#.....#.....#....!
#.............. #..
.....§§§§§...... ..
....#§§§§#..........
.......§§#...... ...
##.....♣..3.........
#.....§.............
....................
.........#t.........
........###...###...
#..............##...
##..................
#...................
...................


You could see an ancient zyme, an apocalypse crab, a smoke demon and a raiju.

Vanquished Creatures
  A large abomination (Abyss:4)
1 creature vanquished.

Notes
Turn   | Place    | Note
-------+----------+-------------------------------------------
     0 | Abyss:1  | Gargoyl the Centaur Abyssal Knight began the quest for the Orb.
     0 | Abyss:1  | Reached XP level 1. HP: 19/19 MP: 2/2
    70 | Abyss:3  | Noticed a large abomination
    71 | Abyss:3  | Noticed a ynoxinul
    96 | Abyss:4  | Noticed a large abomination
   110 | Abyss:4  | Noticed an apocalypse crab
   110 | Abyss:4  | Noticed a smoke demon
   120 | Abyss:4  | Killed a large abomination
   120 | Abyss:4  | Reached skill level 4 in Fighting
   120 | Abyss:4  | Reached XP level 2. HP: 9/28 MP: 3/3
   120 | Abyss:4  | Reached XP level 3. HP: 11/34 MP: 4/4
   120 | Abyss:4  | Reached XP level 4. HP: 13/41 MP: 5/5
   121 | Abyss:4  | Noticed a raiju
   121 | Abyss:4  | Killed from afar by a smoke demon

Skill      XL: |  1 |
---------------+----+-----
Fighting       | 4 |  4.4
Axes           | 2 |  2.2
Armour         | |  1.8
Dodging        | |  0.7
Invocations    | |  2.5
Evocations     | |  0.5

Action                   |  1- 3 |  4- 6 || total
-------------------------+-------+-------++-------
Evoke: Wand              |     3 |     1 ||     4
       Lightning rod     |     3 |     1 ||     4
  Use: Scroll            |     1 |       ||     1
Armor: Leather armour    |     2 |       ||     2
Dodge: Dodged            |     7 |       ||     7
